 Dungeon Sprint DCSS version 0.26-a0-1184-g95e395e029 (webtiles) character file.

Game seed: 15915200875268035860

3192 rocky1 the Geomancer (level 9, -14/51 HPs)
             Began as an Octopode Earth Elementalist on Dec 28, 2020.
             Was a High Priest of Sif Muna.
             Blown up by an eye of devastation (36 damage)
             ... with a bolt of energy
             ... in the Dungeon (Sprint VII: "The Pits").
             The game lasted 00:09:18 (1714 turns).

rocky1 the Geomancer (Octopode Earth Elementalist)  Turns: 1714, Time: 00:09:19

Health: -14/51     AC:  1    Str: 11    XL:     9   Next: 96%
Magic:  7/22       EV: 18    Int: 23    God:    Sif Muna [*****.]
Gold:   16         SH:  5    Dex: 12    Spells: 13/26 levels left

rFire    . . .     SeeInvis .   t - +2 morningstar (protect)
rCold    . . .     Faith    .   h - +0 buckler
rNeg     . . .     Spirit   .   (helmet restricted)
rPois    .         Reflect  .   (no amulet)
rElec    .         Harm     .   n - +3 ring of strength
rCorr    .         Rampage  .   o - +3 ring of intelligence
Will     .....     NoTele   +   (no ring)
Stlth    ++++++....             (no ring)
HPRegen  0.17/turn              (no ring)
MPRegen  0.18/turn              (no ring)
                                (no ring)
                                (no ring)

@: no status effects
A: almost no armour, stealthy swim, amphibious, 8 rings, constrict 8, camouflage
1, gelatinous body 1
a: Renounce Religion, Channel Magic, Forget Spell, Divine Exegesis


You were in the Dungeon.
You worshipped Sif Muna.
Sif Muna was extremely pleased with you.
You visited 1 branch You collected 16 gold pieces.

Inventory:

Hand Weapons
 m - a +0 quarterstaff of speed
 r - a +2 scimitar of holy wrath
 s - a +4 quarterstaff of speed
 t - a +2 morningstar of protection (weapon)
Missiles
 b - 28 stones (quivered)
Armour
 h - a +0 buckler (worn)
Jewellery
 n - a +3 ring of strength (left tentacle)
 o - a +3 ring of intelligence (right tentacle)
Wands
 l - a wand of random effects (22)
Scrolls
 i - 3 scrolls of remove curse
 j - 5 scrolls of amnesia
 k - a scroll of summoning
Potions
 a - 2 potions of invisibility
 c - 7 potions of curing
 d - 11 potions of heal wounds
 e - a potion of haste
 f - 4 potions of magic
 g - 3 potions of berserk rage
 p - a potion of might
 q - a potion of mutation


   Skills:
 + Level 9.9 Dodging
 - Level 11.1 Stealth
 + Level 5.6 Shields
 + Level 9.0 Spellcasting
 - Level 1.0 Transmutations
 + Level 12.8 Earth Magic
 + Level 9.4 Invocations


You had 13 spell levels left.
You knew the following spells:

 Your Spells              Type           Power        Failure   Level
a - Sandblast             Erth           100%         1%          1
b - Stone Arrow           Conj/Erth      78%          1%          3
c - Lee's Rapid Deconstr  Erth           31%          1%          5
d - Petrify               Tmut/Erth      42%          3%          4

Your spell library contained the following spells:

 Spells                   Type           Power        Failure   Level
 Passwall                 Tmut/Erth      35%          1%          2
 Leda's Liquefaction      Hex/Erth       19%          4%          4
 Shock                    Conj/Air       40%          6%          1
 Summon Small Mammal      Summ           40%          6%          1
 Corpse Rot               Necr/Air       N/A          10%         2
 Poisonous Vapours        Pois/Air       20%          10%         2
 Slow                     Hex            10%          10%         2
 Call Canine Familiar     Summ           10%          19%         3
 Portal Projectile        Hex/Tloc       20%          19%         3
 Summon Ice Beast         Ice/Summ       10%          52%         4


Dungeon Overview and Level Annotations

Branches:
Dungeon (1/1)

Altars:
Ashenzari
Cheibriados
Dithmenos
Elyvilon
Fedhas
Gozag
Hepliaklqana
Kikubaaqudgha
Makhleb
Nemelex Xobeh
Okawaru
Qazlal
Ru
Sif Muna
Trog
Uskayaw
Vehumet
Wu Jian
Xom
Yredelemnul
Zin
The Shining One
Beogh
Jiyva
Lugonu


Innate Abilities, Weirdness & Mutations

You cannot wear most types of armour.
You are very stealthy in the water. (Stealth+)
You are amphibious.
You can wear up to eight rings at the same time.
You can use your tentacles to constrict eight enemies at once.
Your skin changes colour to match your surroundings (Stealth+).
Your rubbery body absorbs attacks. (AC +1, EV +1)


Message History

The blast of metal fragments hits the eye of devastation.
The eye of devastation is severely wounded.
The blast of metal fragments hits the hell rat!!
You kill the hell rat!
Sif Muna accepts your kill. The eye of devastation gazes at you.
The bolt of energy hits you!!
Ouch! That really hurt!
Casting: Lee's Rapid Deconstruction (dangerous; 1% risk of failure)
Confirm with . or Enter, or press ? or * to list all spells.
Aiming: Lee's Rapid Deconstruction (dangerous; 1% risk of failure)
Press: ? - help, Dir - move target A metal wall.
The metal wall shatters!
The blast of metal fragments hits the eye of devastation!
The eye of devastation is almost dead.
The eye of devastation gazes at you. The bolt of energy hits you!!!
Ouch! That really hurt!
You die...

########################
................@.......
......................G†
##############++########
# # # # # #


You could see an eye of devastation.

Vanquished Creatures
  A merfolk avatar (D)
  A phantasmal warrior (D)
  Maurice (D)
  A gargoyle (D)
  A tyrant leech (D)
  A redback (D)
  A vampire (D)
  A wraith (D)
  2 floating eyes (D)
  Purgy (D)
  A phantom (D)
  An eye of draining (D)
  A centaur (D)
  A gnoll sergeant (D)
  A crimson imp (D)
  An orc priest (D)
  A small abomination (D)
  A hell rat (D)
  3 mummies (D)
  A gnoll (D)
  5 orcs (D)
  2 bats (D)
  A goblin (D)
  2 hobgoblins (D)
  A ball python (D)
  A rat (D)
35 creatures vanquished.

Notes
Turn   | Place    | Note
-------+----------+-------------------------------------------
     0 | D        | rocky1 the Octopode Earth Elementalist began the quest for
                  | the Orb.
     0 | D        | Reached XP level 1. HP: 11/11 MP: 3/3
    18 | D        | Found a bloodstained altar of Trog.
    18 | D        | Found a shimmering blue altar of Sif Muna.
    18 | D        | Found a viscous altar of Jiyva.
    18 | D        | Found a hazy altar of Hepliaklqana.
    18 | D        | Found an opulent altar of Gozag.
    44 | D        | Found a glowing golden altar of the Shining One.
    44 | D        | Found a glowing silver altar of Zin.
    44 | D        | Found a basalt altar of Yredelemnul.
    44 | D        | Found a shimmering altar of Xom.
    44 | D        | Found an ornate altar of the Wu Jian Council.
    44 | D        | Found a sacrificial altar of Ru.
    44 | D        | Found a stormy altar of Qazlal.
    44 | D        | Found an iron altar of Okawaru.
    44 | D        | Found a sparkling altar of Nemelex Xobeh.
    44 | D        | Found a burning altar of Makhleb.
    44 | D        | Found a blossoming altar of Fedhas.
    44 | D        | Found a white marble altar of Elyvilon.
    44 | D        | Found a shadowy altar of Dithmenos.
    44 | D        | Found a snail-covered altar of Cheibriados.
    47 | D        | Found a corrupted altar of Lugonu.
    47 | D        | Found a radiant altar of Vehumet.
    47 | D        | Found a roughly hewn altar of Beogh.
    48 | D        | Found an ancient bone altar of Kikubaaqudgha.
    48 | D        | Found a hide-covered altar of Uskayaw.
    48 | D        | Found a broken altar of Ashenzari.
    49 | D        | Became a worshipper of Sif Muna the Loreminder
    62 | D        | Reached skill level 4 in Earth Magic
   176 | D        | Noticed a floating eye
   177 | D        | Reached * piety under Sif Muna
   183 | D        | Killed a floating eye
   184 | D        | Reached skill level 6 in Earth Magic
   184 | D        | Reached XP level 2. HP: 17/17 MP: 2/6
   184 | D        | Reached XP level 3. HP: 21/21 MP: 2/8
   184 | D        | Reached XP level 4. HP: 27/27 MP: 2/9
   246 | D        | Learned a level 3 spell: Stone Arrow
   255 | D        | Noticed a floating eye
   268 | D        | Reached ** piety under Sif Muna
   284 | D        | Reached skill level 7 in Earth Magic
   284 | D        | Reached XP level 5. HP: 18/31 MP: 7/11
   421 | D        | Killed a floating eye
   422 | D        | Reached skill level 10 in Earth Magic
   422 | D        | Reached XP level 6. HP: 36/36 MP: 12/12
   428 | D        | Learned a level 5 spell: Lee's Rapid Deconstruction
   433 | D        | Learned a level 4 spell: Petrify
   525 | D        | Reached *** piety under Sif Muna
   526 | D        | Reached skill level 1 in Invocations
   526 | D        | Noticed Purgy
   532 | D        | Noticed a phantom
   533 | D        | Killed Purgy
   534 | D        | Reached skill level 5 in Dodging
   537 | D        | Reached **** piety under Sif Muna
   538 | D        | Reached skill level 5 in Spellcasting
   579 | D        | Killed a phantom
   580 | D        | Reached XP level 7. HP: 40/41 MP: 1/15
   694 | D        | Reached ***** piety under Sif Muna
   832 | D        | Noticed a tyrant leech
   839 | D        | Killed a tyrant leech
   839 | D        | Identified Foeps's Reference Book on Clay and the Birds
                  | (Sif Muna gifted it to you in the Dungeon)
   839 | D        | Received a gift from Sif Muna
   840 | D        | Reached skill level 11 in Earth Magic
   840 | D        | Reached skill level 5 in Invocations
  1020 | D        | Reached skill level 10 in Stealth
  1020 | D        | Reached XP level 8. HP: 46/46 MP: 11/17
  1070 | D        | Noticed Maurice
  1070 | D        | Noticed a redback
  1076 | D        | Killed a redback
  1080 | D        | Killed Maurice
  1322 | D        | Noticed a gargoyle
  1324 | D        | Killed a gargoyle
  1324 | D        | Noticed a phantasmal warrior
  1331 | D        | Killed a phantasmal warrior
  1331 | D        | Identified Ruinas's Collected Works on Creative Malediction
                  | (Sif Muna gifted it to you in the Dungeon)
  1331 | D        | Received a gift from Sif Muna
  1332 | D        | Reached skill level 12 in Earth Magic
  1332 | D        | Reached XP level 9. HP: 51/51 MP: 5/21
  1574 | D        | Noticed a merfolk avatar
  1577 | D        | Killed a merfolk avatar
  1578 | D        | Reached skill level 5 in Shields
  1710 | D        | Noticed an eye of devastation
  1714 | D        | Blown up by an eye of devastation

Illustrated notes

Levels and vault maps discovered:
D:        pitsprint [storerooms_1, entrance_room_1, metal_vault_6, armoury_1,
          mini_pit_1, grid_room_1, main_hall_1, silver_pit, the_coven_1,
          the_vestibule_1, steel_vault_1, golden_pit, hallway_of_sentries,
          crystal_vault_4, iron_vault_2, final_vault]

Skill      XL: |  1  2  3  4  5  6  7  8  9 |
---------------+----------------------------+-----
Earth Magic    | 6 7 10 11 12 | 12.8
Stealth        | 6 8 10 11 | 11.1
Dodging        | 4 6 7 9 |  9.9
Spellcasting   | 3 4 5 6 8 9 |  9.0
Invocations    | 4 5 8 9 |  9.4
Shields        | 3 5 |  5.6
Transmutations | |  1.0

Action                   |  1- 3 |  4- 6 |  7- 9 || total
-------------------------+-------+-------+-------++-------
Melee: Quarterstaff      |     6 |    33 |     3 ||    42
       Constrict         |     2 |     5 |     2 ||     9
       Tentacles         |     1 |     3 |       ||     4
       Morningstar       |       |       |     6 ||     6
 Cast: Sandblast         |     2 |    10 |       ||    12
       Lee's Rapid Decon |       |     1 |    24 ||    25
Invok: Channel Magic     |       |       |     2 ||     2
  Use: Potion            |       |     3 |     1 ||     4
       Scroll            |       |       |     1 ||     1
 Stab: Sleeping          |     1 |     1 |       ||     2
       Distracted        |       |       |     1 ||     1
Dodge: Dodged            |     1 |    17 |     3 ||    21

Table legend: (Time is in decaauts)
 A = Elapsed time spent in this place.
 B = Non-inter-level travel time spent in this place.
 C = Inter-level travel time spent in this place.
 D = Time resting spent in this place.
 E = Time spent auto-exploring this place.
 F = Levels seen in this place.
 G = Mean time per level.
                   A        B        C        D        E       F      G
               +--------+--------+--------+--------+--------+-----+--------+
         Total |   1721 |   1721 |      0 |   1148 |      0 |   1 | 1721.0 |
       Dungeon |   1721 |   1721 |      0 |   1148 |      0 |   1 | 1721.0 |
               +--------+--------+--------+--------+--------+-----+--------+

Top non-repeatable levels by time:
       D: 1721 daAuts
